 Dungeon Crawl Stone Soup version 0.27-a0-1206-g6342a01c75 (webtiles) character file.

Game seed: 9428240314366513972

15082 Glokmah the Destroyer (level 12, -3/75 HPs)
             Began as a Gargoyle Conjurer on June 5, 2021.
             Was an Elder of Sif Muna.
             Collided with a rock wall (17 damage)
             ... caused by Erica
             ... on level 1 of the Lair of Beasts.
             The game lasted 00:31:49 (15225 turns).

Glokmah the Destroyer (Gargoyle Conjurer)          Turns: 15225, Time: 00:31:53

Health: -3/75      AC: 11    Str: 11    XL:     12   Next: 23%
Magic:  4/23       EV: 15    Int: 28    God:    Sif Muna [****..]
Gold:   674        SH:  0    Dex:  8    Spells: 3/25 levels left

rFire    . . .     SeeInvis .   a - +6 whip of the Knives {vorpal, Will+ Int+4}
rCold    + . .     Faith    .   (no shield)
rNeg     + . .     Spirit   .   G - +0 robe {Will+}
rPois    ∞         Reflect  .   (no helmet)
rElec    +         Harm     .   (no cloak)
rCorr    .         Rampage  .   (no gloves)
Will     ++...                  (no boots)
Stlth    ++........             (no amulet)
HPRegen  0.22/turn              z - ring of protection from cold
MPRegen  0.18/turn              E - +4 ring of evasion

@: no status effects
A: sickness immunity, AC +8, negative energy resistance 1, electricity
resistance, torment resistance 1, petrification resistance
a: Renounce Religion, Channel Magic, Forget Spell, Divine Exegesis


You were on level 1 of the Lair of Beasts.
You worshipped Sif Muna.
Sif Muna was greatly pleased with you.
You visited 2 branches of the dungeon, and saw 12 of its levels.

You collected 674 gold pieces.

Inventory:

Hand Weapons
 a - the +6 whip of the Knives (weapon) {vorpal, Will+ Int+4}
   (You found it on level 4 of the Dungeon)

   It inflicts extra damage upon your enemies.
   It affects your intelligence (+4).
   It increases your willpower.
 J - a +7 hand axe of electrocution
Missiles
 c - 8 curare-tipped darts
 g - 23 poisoned darts
 i - 21 boomerangs
 p - 4 boomerangs of dispersal
 t - 2 throwing nets
 u - 7 atropa-tipped darts
 I - 5 silver javelins
Armour
 e - the +27 Lear's hauberk
   (You found it on level 6 of the Dungeon)
 x - a +0 troll leather armour
 G - a +0 robe of willpower (worn)
 H - a +0 kite shield
Magical Staves
 q - a staff of death
Jewellery
 z - a ring of protection from cold (left hand)
 E - a +4 ring of evasion (right hand)
Wands
 f - a wand of flame (47)
 h - a wand of polymorph (10)
 r - a wand of digging (8)
 s - a wand of paralysis (9)
 C - a wand of acid (10)
 K - a wand of charming (4)
Scrolls
 l - 5 scrolls of teleportation
 v - a scroll of blinking
 w - a scroll of enchant weapon
 y - 5 scrolls of fog
 B - 7 scrolls of identify
Potions
 b - a potion of flight
 d - 9 potions of curing
 j - 3 potions of might
 k - a potion of cancellation
 m - a potion of lignification
 n - 3 potions of resistance
 o - 2 potions of ambrosia
 A - a potion of heal wounds
 D - a potion of haste
 F - a potion of attraction


   Skills:
 + Level 8.3 Fighting
 + Level 2.2 Armour
 - Level 1.5 Dodging
 - Level 2.1 Stealth
 + Level 2.2 Shields
 + Level 7.3 Spellcasting
 * Level 12.4 Conjurations
 - Level 4.0 Hexes
 - Level 4.0 Translocations
 * Level 2.4 Ice Magic
 - Level 3.0 Air Magic
 - Level 9.0 Invocations
 + Level 1.8 Evocations


You had 3 spell levels left.
You knew the following spells:

 Your Spells              Type           Power      Damage    Failure   Level
a - Magic Dart            Conj           100%       1d8       1%          1
b - Searing Ray           Conj           100%       3d7       1%          2
c - Dazzling Flash        Conj/Hex       100%       N/A       1%          3
d - Fulminant Prism       Conj/Hex       27%        3d14      1%          4
e - Iskenderun's Mystic   Conj/Tloc      54%        2d12      1%          4
f - Poisonous Vapours     Pois/Air       36%        N/A       4%          2
g - Freezing Cloud        Conj/Ice/Air   21%        6-21      56%         6

Your spell library contained the following spells:

 Spells                   Type           Power      Damage    Failure   Level
 Conjure Flame            Conj/Fire      45%        6-21      1%          3
 Mephitic Cloud           Conj/Pois/Air  39%        N/A       1%          3
 Beastly Appendage        Tmut           20%        N/A       5%          1
 Wereblood                Tmut           10%        N/A       8%          2
 Spider Form              Tmut/Pois      5%         N/A       16%         3
 Ice Form                 Ice/Tmut       17%        N/A       32%         4
 Hydra Form               Tmut           5%         N/A       82%         5


Dungeon Overview and Level Annotations

Branches:
Dungeon (11/15)            Temple (0/1) D:6            Lair (1/6) D:10
    Orc: D:9-12

Altars:
Cheibriados
Dithmenos
Elyvilon
Gozag
Makhleb
Nemelex Xobeh
Qazlal
Sif Muna
Trog
Wu Jian
Zin
The Shining One

Shops:
D:4 !   D:8 !

Annotations:
D:9 5 runed translucent doors
Lair:1 Erica


Innate Abilities, Weirdness & Mutations

You are immune to sickness and miasma.
Your stone body is resilient. (AC +8)
You are immune to poison.
You resist negative energy. (rN+)
You are resistant to electric shocks. (rElec)
You are resistant to unholy torment.
You are immune to petrification.


Message History

Your fulminant prism crackles loudly.
The wolf bites the plant!
Your fulminant prism explodes!
The blast of energy engulfs the fungus!!
The fungus begins to die.
The fungus is lightly damaged.
The blast of energy engulfs the wolf!!
You kill the wolf!
Sif Muna accepts your kill.
The blast of energy engulfs the cane toad!!
The cane toad is heavily wounded.
The blast of energy engulfs the wolf!!
You kill the wolf!
Sif Muna accepts your kill.
The blast of energy engulfs the wolf!!
You kill the wolf!
Sif Muna accepts your kill.
You can now call upon Sif Muna to cast any spell from your library.
The blast of energy engulfs the wolf!!
You kill the wolf!
Sif Muna accepts your kill.
The blast of energy engulfs the wolf!!
You kill the wolf!
Sif Muna accepts your kill.
The blast of energy engulfs something!
You hear a croak.
You hear a deafening roar!
Casting: Fulminant Prism (dangerous; 1% risk of failure)
Confirm with . or Enter, or press ? or * to list all spells.
Aiming: Fulminant Prism (dangerous; 1% risk of failure)
Press: ? - help, Dir - move target You conjure a prism of explosive energy!
A fulminant prism comes into view.
Something hits you. Something burns you.
You hear some strange, mumbled words.
A lance of force appears from out of thin air!
The lance of force hits you!!
* * * LOW HITPOINT WARNING * * *
You are knocked back by the lance of force.
You slam into the rock wall!
You die...

### .## ######P########
....#......*......##
..........††.......##
F.....†..F†{....@#..##
.####.#..PP.#..####..##
# #.######## #....##
#.. ##....### #..
##.P...## ##.# ##.....#
## #.....# ###...###
##....##


You could see a cane toad (ally target) and a friendly fulminant prism.

Vanquished Creatures
  2 two-headed ogres (D:10)
  A gargoyle (D:10)
  A cane toad (Lair:1)
  Psyche (D:8)
  A tengu conjurer (D:9)
  A komodo dragon (Lair:1)
  Grinder (D:5)
  2 trolls
  3 slime creatures (D:10)
  2 shadows (D:9)
  Sigmund (D:4)
  Eustachio (D:4)
  30 yaks
  2 wyverns
  3 steam dragons
  Edmund (D:4)
  Menkaure (D:4)
  4 water moccasins
  3 orc warriors
  An ice beast (D:5)
  2 black bears
  2 necrophages
  3 sky beasts
  3 ogres
  A centaur (D:8)
  6 wolves (Lair:1)
  4 kobold brigands
  Blork the orc (D:4)
  A scorpion (D:3)
  2 wyvern zombies (D:6)
  5 bullfrogs
  11 wights
  3 howler monkeys
  3 centaur zombies
  2 jellies
  2 hounds
  2 centaur skeletons (D:5)
  4 orc priests
  An iron imp (D:8)
  Ijyb (D:5)
  4 iguanas
  10 orc wizards
  A killer bee zombie (D:8)
  8 gnolls
  6 adders
  3 worms
  2 dart slugs
  24 orcs
  11 ball pythons
  5 endoplasms
  5 giant cockroaches
  9 goblins
  6 hobgoblins
  4 quokkas
  5 bats
  2 frilled lizards
  A goblin skeleton (D:8)
  2 hobgoblin zombies (D:8)
  9 kobolds
  A kobold zombie (D:8)
  3 orc skeletons (D:8)
  2 orc zombies (D:8)
  7 rats
251 creatures vanquished.

Vanquished Creatures (others)
  A wizard (D:10)
  26 fulminant prisms
  3 fungi (Lair:1)
  5 plants
35 creatures vanquished.

Grand Total: 286 creatures vanquished

Notes
Turn   | Place    | Note
-------+----------+-------------------------------------------
     0 | D:1      | Glokmah the Gargoyle Conjurer began the quest for the Orb.
     0 | D:1      | Reached XP level 1. HP: 10/10 MP: 3/3
   168 | D:1      | Reached XP level 2. HP: 16/16 MP: 1/5
   173 | D:1      | Learned a level 2 spell: Searing Ray
   412 | D:1      | Reached skill level 1 in Fighting
   659 | D:1      | Reached XP level 3. HP: 20/20 MP: 4/6
   785 | D:1      | Reached skill level 5 in Conjurations
  1925 | D:2      | Reached XP level 4. HP: 25/25 MP: 4/7
  2001 | D:2      | Learned a level 3 spell: Dazzling Flash
  3218 | D:3      | Noticed a scorpion
  3224 | D:3      | Reached XP level 5. HP: 30/30 MP: 6/9
  3227 | D:3      | Reached skill level 1 in Hexes
  3233 | D:3      | Reached skill level 6 in Conjurations
  3317 | D:3      | Found a white marble altar of Elyvilon.
  3320 | D:3      | Found a shimmering blue altar of Sif Muna.
  3320 | D:3      | Found a burning altar of Makhleb.
  3324 | D:3      | Became a worshipper of Sif Muna the Loreminder
  3436 | D:3      | Reached XP level 6. HP: 34/36 MP: 5/10
  3441 | D:3      | Learned a level 4 spell: Fulminant Prism
  3611 | D:3      | Found a shadowy altar of Dithmenos.
  3613 | D:3      | Found a glowing silver altar of Zin.
  4256 | D:4      | Identified the +6 whip of the Knives {vorpal, Will+ Int+4}
  4317 | D:4      | Noticed Edmund
  4327 | D:4      | Killed Edmund
  4502 | D:4      | Noticed Sigmund
  4508 | D:4      | Killed Sigmund
  4509 | D:4      | Reached XP level 7. HP: 37/41 MP: 6/12
  4515 | D:4      | Reached skill level 7 in Conjurations
  4636 | D:4      | Noticed Eustachio
  4657 | D:4      | Killed Eustachio
  4778 | D:4      | Noticed Blork the orc
  4787 | D:4      | Noticed Menkaure
  4788 | D:4      | Killed Blork the orc
  4789 | D:4      | Reached XP level 8. HP: 46/48 MP: 4/14
  4921 | D:4      | Found Cysm's Distillery.
  4923 | D:4      | Identified the +1 helmet of True Grit {-Cast rElec rF++}
  4987 | D:4      | Reached skill level 1 in Invocations
  5087 | D:4      | Killed Menkaure
  5225 | D:4      | Learned a level 4 spell: Iskenderun's Mystic Blast
  5278 | D:5      | Entered Level 5 of the Dungeon
  5285 | D:5      | Reached skill level 8 in Conjurations
  5386 | D:5      | Noticed Grinder
  5395 | D:5      | Killed Grinder
  5471 | D:5      | Noticed Ijyb
  5477 | D:5      | Killed Ijyb
  5614 | D:5      | Reached * piety under Sif Muna
  6001 | D:5      | Reached skill level 5 in Fighting
  6001 | D:5      | Reached XP level 9. HP: 54/54 MP: 11/16
  6283 | D:5      | Found an ornate altar of the Wu Jian Council.
  6504 | D:6      | Reached skill level 9 in Conjurations
  6645 | D:6      | Found a stormy altar of Qazlal.
  6654 | D:6      | Reached skill level 5 in Spellcasting
  6887 | D:6      | Found a staircase to the Ecumenical Temple.
  7112 | D:6      | Noticed a troll
  7116 | D:6      | Killed a troll
  7117 | D:6      | Reached skill level 5 in Invocations
  7255 | D:6      | Found the +27 Lear's hauberk
  7414 | D:6      | Found a sparkling altar of Nemelex Xobeh.
  8262 | D:7      | Reached skill level 1 in Translocations
  8344 | D:7      | Reached XP level 10. HP: 60/60 MP: 13/18
  8466 | D:7      | Reached skill level 10 in Conjurations
  9284 | D:8      | Found an opulent altar of Gozag.
  9306 | D:8      | Found Zasi's Distillery.
  9332 | D:8      | Noticed Psyche
  9342 | D:8      | Killed Psyche
  9587 | D:8      | Learned a level 2 spell: Poisonous Vapours
  9851 | D:8      | Found a glowing golden altar of the Shining One.
  9857 | D:8      | Reached ** piety under Sif Muna
 10541 | D:8      | HP: 1/61 [yak (10)]
 10544 | D:8      | Reached skill level 1 in Air Magic
 11437 | D:9      | Reached skill level 11 in Conjurations
 11437 | D:9      | Reached XP level 11. HP: 67/67 MP: 8/20
 12243 | D:9      | Found a runed translucent door.
 12244 | D:9      | Found a runed translucent gate.
 12244 | D:9      | Noticed a wolf spider
 12244 | D:9      | Noticed a wolf spider
 12244 | D:9      | Noticed a wolf spider
 12245 | D:9      | Noticed a wolf spider
 12245 | D:9      | Found a runed translucent gate.
 12249 | D:9      | Found the +9 staff of Olgreb {rPois∞}
 12250 | D:9      | Found a runed translucent door.
 12277 | D:9      | Noticed a wolf spider
 12278 | D:9      | Found a runed translucent gate.
 12588 | D:10     | Entered Level 10 of the Dungeon
 12801 | D:10     | Noticed a two-headed ogre
 12810 | D:10     | Killed a two-headed ogre
 12810 | D:10     | Reached *** piety under Sif Muna
 13515 | D:10     | Found a snail-covered altar of Cheibriados.
 14166 | D:10     | Found a bloodstained altar of Trog.
 14167 | D:10     | Noticed a wizard
 14173 | D:10     | Killed a wizard
 14216 | D:10     | Noticed a two-headed ogre
 14228 | D:10     | Killed a two-headed ogre
 14229 | D:10     | Reached skill level 12 in Conjurations
 14231 | D:10     | Reached skill level 1 in Armour
 14231 | D:10     | Reached skill level 1 in Shields
 14374 | D:10     | Found a staircase to the Lair.
 14382 | D:10     | Learned a level 6 spell: Freezing Cloud
 14703 | Lair:1   | Entered Level 1 of the Lair of Beasts
 14727 | D:10     | Reached skill level 1 in Evocations
 14825 | Lair:1   | Reached XP level 12. HP: 66/73 MP: 13/22
 14827 | Lair:1   | Reached skill level 1 in Ice Magic
 15211 | Lair:1   | Noticed Erica
 15223 | Lair:1   | Reached **** piety under Sif Muna
 15225 | Lair:1   | Collided with a rock wall

Illustrated notes

Levels and vault maps discovered:
D:1:      kennysheep_arrival_seaside, layout_basic
D:2:      layout_loops_corners, serial_bayou_pond_b, grunt_decor_cap
D:3:      layout_loops_corners, grunt_temple_overflow_open,
          chequers_temple_overflow_statue_of_worship,
          chequers_serial_rivers_small_b
D:4:      layout_gridville, serial_shops, shop, uniq_edmund, uniq_eustachio,
          uniq_menkaure, uniq_sigmund, uniq_blork_the_orc
D:5:      minmay_chambers_of_threes, layout_loops_ring, general_overflow_altar,
          solitary_fountain, sigmund_army, uniq_grinder, uniq_ijyb
D:6:      layout_loops_cross, lemuel_tele_altar,
          nicolae_qazlal_style_of_elements, minmay_temple_entry_slanted,
          hangedman_decor_diamond_cutter, corexii_corridor_pit,
          nrook_loot_triangle, minmay_statues_item,
          hellmonk_guarded_unrand_lears
D:7:      wander_river, layout_loops_corners
D:8:      layout_basic, nicolae_tso_besieged_by_evil,
          nicolae_gozag_cash_rules_everything_around_me, serial_shops, shop,
          uniq_psyche
D:9:      minmay_clustersquares, layout_loops_cross,
          chequers_serial_rivers_small_3, minmay_guarded_unrand_staff_of_olgreb
D:10:     layout_long_grid, trog_wizard, cheibrodos_worm_habitat,
          lair_entry_dummy, kennysheep_generic_room_5
D:11:     layout_loops_cross, serial_shops, shop, serial_ice, serial_ice_f,
          serial_ice_k, serial_ice_o, serial_ice_g, uniq_gastronok
Lair:1:   layout_concentric_octagons, basic_altar, minmay_shattered_shrine,
          uniq_erica

Skill      XL: |  1  2  3  4  5  6  7  8  9 10 11 12 |
---------------+-------------------------------------+-----
Fighting       | 1 2 3 4 5 6 7 8 |  8.3
Conjurations   | 5 6 7 8 9 11 12 | 12.4
Spellcasting   | 3 4 5 6 7 |  7.3
Hexes          | 1 2 3 4 |  4.0
Invocations    | 3 6 8 9 |  9.0
Translocations | 1 3 4 |  4.0
Air Magic      | 2 3 |  3.0
Armour         | 1 2 |  2.2
Shields        | 1 2 |  2.2
Evocations     | 1 |  1.8
Ice Magic      | 2 |  2.4
Dodging        | |  1.5
Stealth        | |  2.1

Action                   |  1- 3 |  4- 6 |  7- 9 | 10-12 || total
-------------------------+-------+-------+-------+-------++-------
Melee: Unarmed           |     4 |       |       |       ||     4
       Club              |     7 |       |       |       ||     7
       Dagger            |     9 |       |       |       ||     9
       Short sword       |     5 |     9 |       |       ||    14
       Whip              |       |     2 |    27 |    42 ||    71
 Cast: Magic Dart        |    59 |    53 |    99 |    81 ||   292
       Searing Ray       |     3 |     8 |    33 |    69 ||   113
       Fulminant Prism   |       |       |     5 |    22 ||    27
       Dazzling Flash    |       |       |     3 |    11 ||    14
       Iskenderun's Myst |       |       |       |     4 ||     4
       Poisonous Vapours |       |       |       |     1 ||     1
Invok: Channel Magic     |       |       |       |     1 ||     1
Evoke: Wand              |       |       |     1 |     1 ||     2
  Use: Scroll            |       |     7 |     6 |     4 ||    17
       Potion            |       |       |       |     1 ||     1
 Stab: Sleeping          |     1 |     2 |       |     1 ||     4
       Invisible         |       |       |       |     2 ||     2
Armor: Robe              |     7 |     5 |    19 |    38 ||    69
       Troll leather arm |       |       |     3 |     1 ||     4
       Steam dragon scal |       |       |       |     1 ||     1
Dodge: Dodged            |    13 |    11 |    36 |    99 ||   159

Table legend: (Time is in decaauts)
 A = Elapsed time spent in this place.
 B = Non-inter-level travel time spent in this place.
 C = Inter-level travel time spent in this place.
 D = Time resting spent in this place.
 E = Time spent auto-exploring this place.
 F = Levels seen in this place.
 G = Mean time per level.
                   A        B        C        D        E       F      G
               +--------+--------+--------+--------+--------+-----+--------+
         Total |  15295 |  14401 |    894 |   3156 |   9000 |  12 | 1274.6 |
       Dungeon |  14880 |  13986 |    894 |   3091 |   8725 |  11 | 1352.7 |
          Lair |    414 |    414 |      0 |     65 |    275 |   1 |  414.0 |
               +--------+--------+--------+--------+--------+-----+--------+

Top non-repeatable levels by time:
    D:10: 2076 daAuts
     D:9: 2007 daAuts
     D:8: 1808 daAuts
     D:3: 1529 daAuts
     D:2: 1455 daAuts
     D:6: 1419 daAuts
     D:1: 1401 daAuts
     D:7: 1160 daAuts
     D:5: 1085 daAuts
     D:4: 934 daAuts
  Lair:1: 414 daAuts
    D:11: 1 daAuts
